 Dungeon Crawl Stone Soup version 0.25-a0-857-g60a0bcd (webtiles) character file.

Game seed: 13070536687849649782, levelgen mode: deterministic

279 BlueFish the Covered (level 6, 0/56 HPs)
             Began as a Minotaur Fighter on Apr 26, 2020.
             Slain by an iguana (10 damage)
             ... on level 4 of the Dungeon.
             The game lasted 00:04:52 (2008 turns).

BlueFish the Covered (Minotaur Fighter)             Turns: 2008, Time: 00:04:53

Health: 0/56       AC: 15    Str: 20    XL:     6   Next: 5%
Magic:  5/5        EV:  6    Int:  5    God:
Gold:   67         SH:  0    Dex: 12    Spells: 5/5 levels left

rFire    . . .     SeeInvis .   a - +1 long sword
rCold    . . .     Gourm    .   (no shield)
rNeg     . . .     Faith    .   w - +0 plate armour
rPois    .         Spirit   .   (helmet restricted)
rElec    .         Reflect  .   s - +0 cloak
rCorr    .         Harm     .   v - +1 pair of gloves
MR       .....                  (no boots)
Stlth    ..........             (no amulet)
HPRegen  0.18/turn              (no ring)
MPRegen  0.09/turn              (no ring)

@: lethally poisoned (0 -> -2)
A: retaliatory headbutt, horns 2
a: no special abilities


You were on level 4 of the Dungeon.
You were not hungry.

You visited 1 branch of the dungeon, and saw 4 of its levels.

You collected 67 gold pieces.

Inventory:

Hand Weapons
 a - a +1 long sword (weapon)
 p - a +2 short sword of flaming
Armour
 c - a +0 kite shield
 s - a +0 cloak (worn)
 v - a +1 pair of gloves (worn)
 w - a +0 plate armour (worn)
Scrolls
 e - a scroll of fear
 n - 3 scrolls of enchant armour
 t - 2 scrolls of enchant weapon
Potions
 d - 2 potions of might
 k - a potion of curing
 l - a potion of magic
 o - a potion of ambrosia {unknown}
 r - a potion of degeneration {unknown}
 u - a potion of mutation {unknown}
Comestibles
 f - 8 rations


   Skills:
 * Level 5.0 Fighting
 * Level 5.1 Long Blades
 * Level 5.1 Armour
 + Level 1.5 Dodging
 + Level 3.8 Shields


You had 5 spell levels left.
You didn't know any spells.
Your spell library was empty.

Dungeon Overview and Level Annotations

Branches:
Dungeon (4/15)
 Temple: D:4-7

Altars:
The Shining One


Innate Abilities, Weirdness & Mutations

You reflexively headbutt those who attack you in melee.
You have a pair of horns on your head.


Message History

You hit Edmund.
Edmund is almost dead.
You feel sick. The adder bites you but does no damage. The iguana bites you!
* * * LOW HITPOINT WARNING * * *
The adder bites you but does no damage. Edmund hits you but does no damage.
Your plate armour prevents you from hitting Edmund.
You headbutt Edmund.
You kill Edmund!
Your Fighting skill increases to level 5!
Your Long Blades skill increases to level 5!
Your Armour skill increases to level 5!
You have reached level 6!
Your experience leads to an increase in your attributes!
Increase (S)trength, (I)ntelligence, or (D)exterity?
You feel agile. The adder bites you but does no damage.
The iguana barely misses you.
You completely miss the adder.
The adder is severely wounded.
You feel sick. The adder bites you but does no damage. The iguana bites you!
You die...

.............
....................
..........$..... #
#..............
#.#..............
##.#..............
#.................
#.........S†......
#......@)......
#...=...l......
#..............
##.............
##............
###..........
##........#
##########


You could see an iguana and an adder.

Vanquished Creatures
  Edmund (D:4)
  Crazy Yiuf (D:2)
  Robin (D:3)
  3 adders
  An ooze (D:3)
  A dart slug (D:3)
  A leopard gecko (D:1)
  An orc (D:3)
  2 ball pythons
  4 giant cockroaches
  19 goblins
  11 hobgoblins
  6 jackals
  A quokka (D:3)
  9 bats
  7 frilled lizards
  12 kobolds
  7 rats
88 creatures vanquished.

Notes
Turn   | Place    | Note
-------+----------+-------------------------------------------
     0 | D:1      | BlueFish the Minotaur Fighter began the quest for the Orb.
     0 | D:1      | Reached XP level 1. HP: 19/19 MP: 0/0
    93 | D:1      | Reached XP level 2. HP: 24/27 MP: 1/1
   391 | D:1      | Reached XP level 3. HP: 31/34 MP: 2/2
   752 | D:2      | Found a glowing golden altar of the Shining One.
   772 | D:2      | Reached XP level 4. HP: 41/41 MP: 3/3
   816 | D:2      | Found a runed translucent door.
   817 | D:2      | Noticed Crazy Yiuf
  1132 | D:2      | Killed Crazy Yiuf
  1232 | D:3      | Noticed Robin
  1240 | D:3      | Reached skill level 1 in Dodging
  1249 | D:3      | Killed Robin
  1249 | D:3      | Reached XP level 5. HP: 17/47 MP: 4/4
  1893 | D:4      | Noticed an ogre
  1994 | D:4      | Noticed Edmund
  2007 | D:4      | Killed Edmund
  2007 | D:4      | Reached skill level 5 in Fighting
  2007 | D:4      | Reached skill level 5 in Long Blades
  2007 | D:4      | Reached skill level 5 in Armour
  2007 | D:4      | Reached XP level 6. HP: 10/56 MP: 5/5
  2008 | D:4      | Slain by an iguana

Levels and vault maps discovered:
D:1:      zaba_arrival_water, layout_rooms, kennysheep_flooded_box,
          minmay_octomino_c4
D:2:      layout_rooms, tso_altar, first_ration, lexackson_kobold_supper,
          uniq_crazy_yiuf_cottage
D:3:      layout_rooms, palyth_stone_intersect, uniq_robin
D:4:      layout_cave_pods, grunt_temple_overflow_open,
          kennysheep_generic_room_5, uniq_ijyb, uniq_menkaure, uniq_edmund

Skill      XL: |  1  2  3  4  5 |
---------------+----------------+-----
Fighting       | 4 5 |  5.0
Armour         | 4 5 |  5.1
Long Blades    | 3 4 5 |  5.1
Dodging        | 1 |  1.5
Shields        | |  3.8

Action                   |  1- 3 |  4- 6 || total
-------------------------+-------+-------++-------
Melee: Long sword        |    96 |    80 ||   176
       Headbutt          |     9 |     7 ||    16
  Use: Scroll            |       |    10 ||    10
  Eat: Chunk             |       |     4 ||     4
Armor: Scale mail        |    71 |    47 ||   118
       Plate armour      |       |    28 ||    28
Dodge: Dodged            |    69 |    48 ||   117
       Rpst.: Long sword |    19 |     8 ||    27

Table legend:
 A = Non-vault XP
 B = Vault XP
 C = Vault XP percentage of total XP
 D = Non-vault monster count
 E = Vault monster count
 F = Vault count percentage of total count
                 A         B        C        D         E       F
            +---------+---------+-------+---------+---------+-------
      Total |     138 |     261 |  65.4 |      61 |      27 |  30.7
            +---------+---------+-------+---------+---------+-------
        D:1 |      39 |      12 |  23.5 |      26 |       8 |  23.5
        D:2 |      58 |      49 |  45.8 |      21 |       6 |  22.2
        D:3 |      39 |      38 |  49.4 |      13 |      12 |  48.0
        D:4 |       2 |     162 |  98.8 |       1 |       1 |  50.0
            +---------+---------+-------+---------+---------+-------
